 Dungeon Crawl Stone Soup version 0.19-a0-49-gb8736b8 (webtiles) character file.

51 M4edhros the Grave Robber (level 3, -5/21 HPs)
             Began as an Octopode Necromancer on May 6, 2016.
             Slain by an iguana (8 damage)
             ... on level 5 of the Dungeon.
             The game lasted 00:02:07 (351 turns).

M4edhros the Grave Robber (Octopode Necromancer)     Turns: 351, Time: 00:02:07

Health: -5/21      AC:  1    Str:  7    XL:     3   Next: 81%
Magic:  3/6        EV: 12    Int: 17    God:
Gold:   42         SH:  0    Dex: 13    Spells: 3 memorised, 1 level left

rFire  . . .     SeeInvis .     d - -1 short sword (curse)
rCold  + . .     Gourm    .     (no shield)
rNeg   . . .     Faith    .     (helmet restricted)
rPois  .         Spirit   .     (no amulet)
rElec  .         Dismiss  .     g - ring of protection from cold
rCorr  .         Reflect  .     (no ring)
SustAt .         Harm     .     (no ring)
MR     .....                    (no ring)
Stlth  +++.......               (no ring)
                                (no ring)
                                (no ring)
                                (no ring)

@: not resistant to hostile enchantments, fairly stealthy
A: almost no armour, amphibious, 8 rings, constrict 8, camouflage 1, gelatinous
body 1
a: no special abilities


You were on level 5 of the Dungeon.
You were not hungry.

You visited 1 branch of the dungeon, and saw 6 of its levels.

You collected 42 gold pieces.

Inventory:

Hand Weapons
 d - a cursed -1 short sword (weapon)
Missiles
 h - 2 tomahawks (quivered)
Jewellery
 g - a ring of protection from cold (left tentacle)
Scrolls
 e - a scroll of identify
Potions
 c - a potion of flight
Books
 a - a book of Necromancy

   Spells                             Type                      Level
   a - Pain                           Necromancy                   1
   b - Animate Skeleton               Necromancy                   1
   c - Vampiric Draining              Necromancy                   3
   d - Regeneration                   Charms/Necromancy            3
   e - Animate Dead                   Necromancy                   4
   f - Control Undead                 Necromancy                   4
Comestibles
 b - a bread ration
 f - a chunk of flesh


   Skills:
 - Level 2.0 Dodging
 - Level 2.6 Stealth
 + Level 3.3 Unarmed Combat
 - Level 2.0 Spellcasting
 - Level 4.0 Necromancy


You had one spell level left.
You knew the following spells:

 Your Spells              Type           Power        Failure   Level  Hunger
a - Pain                  Necr           ###.         3%          1    #......
b - Animate Skeleton      Necr           N/A          3%          1    #......
r - Regeneration          Chrm/Necr      #.........   24%         3    ###....


Dungeon Overview and Level Annotations

Branches:
Dungeon (6/15)
 Temple: D:4-7

Altars:
Pakellas


Innate Abilities, Weirdness & Mutations

You cannot wear most types of armour.
You are amphibious.
You can wear up to eight rings at the same time.
You can use your tentacles to constrict eight enemies at once.
Your skin changes colour to match your surroundings (Stealth).
Your rubbery body absorbs attacks (AC +1).


Message History

Your squeeze misses the iguana. The iguana closely misses you.
You hit the iguana. Your grab misses the iguana.
The iguana is lightly wounded.
The iguana barely misses you. The iguana bites you.
You hit the iguana. You grab the iguana.
The iguana is moderately wounded.
You constrict the iguana, but do no damage.
The iguana bites you!
Ouch! That really hurt!
* * * LOW HITPOINT WARNING * * *
You hit the iguana but do no damage.
The iguana is moderately wounded.
You constrict the iguana, but do no damage.
The iguana bites you.
* * * LOW HITPOINT WARNING * * *
You hit the iguana but do no damage.
The iguana is moderately wounded.
You constrict the iguana, but do no damage.
The iguana bites you!
You die...

## .. #########
###.#.##....>..#
#.._...@l...##.#
#.#.#######.# #
#.# #.# #.# ...
###


You could see an iguana.

Vanquished Creatures
  A worker ant (D:5)
  A gnoll (D:4)
  2 giant geckos
  2 orcs (D:6)
  A bat (D:1)
  5 kobolds (D:1)
  A giant newt (D:1)
  2 rats (D:1)
  A plant (D:1)
16 creatures vanquished.

Notes
Turn   | Place    | Note
--------------------------------------------------------------
     0 | D:1      | M4edhros the Octopode Necromancer began the quest for the Orb.
     0 | D:1      | Reached XP level 1. HP: 11/11 MP: 3/3
    38 | D:1      | Reached skill level 1 in Unarmed Combat
    52 | D:1      | Reached XP level 2. HP: 5/17 MP: 1/5
   217 | D:4      | Reached XP level 3. HP: 7/21 MP: 0/6
   225 | D:3      | Learned a level 1 spell: Animate Skeleton
   229 | D:3      | Learned a level 3 spell: Regeneration
   254 | D:5      | Entered Level 5 of the Dungeon
   263 | D:5      | Noticed a hippogriff
   307 | D:6      | Noticed an orc warrior
   342 | D:5      | Found an oddly glowing altar of Pakellas.
   351 | D:5      | Slain by an iguana

Vault maps used:
D:1:      lightli_arrival_maybe_door_vault, lexackson_kobold_supper
D:2:      lemuel_doored_altar, kennysheep_slug_shrine
D:3:      lightli_temple_of_fire, first_bread
D:5:      lemuel_coloured_pillars_altar, lemuel_crystal_altar,
          gammafunk_temple_overflow_statue, st_stairs_5, minivault_25,
          abandoned_shop
D:6:      minmay_temple_entry_trees

Skill      XL: |  1  2  3 |
---------------+----------+-----
Unarmed Combat | 1 2 3 |  3.3
Dodging        | |  2.0
Stealth        | |  2.6
Spellcasting   | |  2.0
Necromancy     | |  4.0

Action                   || total
-------------------------++-------
Melee: Unarmed           ||     7
       Constrict         ||     9
       Tentacles         ||    12
       Short sword       ||    50
       Punch             ||     2
 Cast: Pain              ||     9
       Regeneration      ||     3
       Animate Skeleton  ||     1
  Use: Scroll            ||     3
       Potion            ||     1
 Stab: Sleeping          ||     3
Armor: Skin              ||     1
Dodge: Dodged            ||    27
